 Dungeon Crawl Stone Soup version 0.20-a0-317-gc038824 (webtiles) character file.

7736 Eviona the Martial Artist (level 11, 0/99 HPs)
             Began as a Yellow Draconian Monk on Dec 20, 2016.
             Was a Priest of Sif Muna.
             Slain by a centaur warrior (13 damage)
             ... on level 10 of the Dungeon.
             The game lasted 00:31:29 (13893 turns).

Eviona the Martial Artist (Yellow Draconian Monk)  Turns: 13893, Time: 00:31:31

Health: 0/99       AC: 12    Str: 11    XL:     11   Next: 0%
Magic:  10/11      EV: 21    Int: 13    God:    Sif Muna [***...]
Gold:   476        SH:  0    Dex: 19    Spells: 9/10 levels left

rFire  . . .     SeeInvis .       - Unarmed
rCold  . . .     Gourm    .     (armour unavailable)
rNeg   . . .     Faith    .     (no shield)
rPois  .         Spirit   .     J - +1 hat
rElec  .         Reflect  .     w - +1 cloak
rCorr  +         Harm     .     (no gloves)
MR     .....                    O - +1 pair of boots
Stlth  +++.......               (no amulet)
                                f - +2 ring of evasion
                                B - ring of Jexkei {Str-3 Dex+5 Stlth+}

@: very slightly contaminated, studying Dodging, drained
A: spit acid, acid resistance, unfitting armour, cold-blooded, AC +7
a: Breathe Acid, Divine Energy, Channel Magic, Renounce Religion


You were on level 10 of the Dungeon.
You worshipped Sif Muna.
Sif Muna was most pleased with you.
You were not hungry.

You visited 2 branches of the dungeon, and saw 11 of its levels.

You collected 476 gold pieces.

Inventory:

Hand Weapons
 y - a +1 blowgun
Missiles
 g - 205 stones (quivered)
 z - 29 poisoned needles
 S - 2 throwing nets
Armour
 w - a +1 cloak (worn)
 J - a +1 hat (worn)
 O - a +1 pair of boots (worn)
Magical Staves
 L - an uncursed staff of poison {unknown}
Jewellery
 b - an uncursed ring of fire
 f - a +2 ring of evasion (right hand)
 n - an uncursed amulet of harm {unknown}
 q - an uncursed ring of positive energy
 t - a cursed ring of loudness {unknown}
 B - the ring of Jexkei (left hand) {Str-3 Dex+5 Stlth+}
   (You found it on level 4 of the Dungeon)

   [ring of stealth]

   It affects your strength (-3).
   It affects your dexterity (+5).
   It makes you more stealthy.
 K - an uncursed amulet of regeneration {unknown}
 Z - a +2 amulet of reflection {unknown}
Wands
 h - a wand of disintegration (13/24)
 l - a wand of iceblast (7/15)
 v - a wand of enslavement (21/24)
 E - a wand of confusion (32/48)
 I - a wand of polymorph (16/24)
 M - a wand of polymorph (14/24)
 T - a wand of iceblast (7/15)
 W - a wand of polymorph (15/24)
 X - a wand of paralysis (12/24)
Scrolls
 j - 2 scrolls of identify
 o - 5 scrolls of blinking
 u - 2 scrolls of remove curse
 x - 2 scrolls of enchant weapon
 D - 2 scrolls of teleportation
 F - a scroll of magic mapping
 N - a scroll of enchant armour
Potions
 d - 2 potions of degeneration {unknown}
 e - 2 potions of brilliance
 i - 4 potions of curing
 m - 2 potions of mutation {unknown}
 p - a potion of cure mutation {unknown}
 s - a potion of agility {unknown}
 A - 6 potions of haste {unknown}
 C - a potion of cancellation {unknown}
 G - 2 potions of heal wounds
 Q - a potion of resistance {unknown}
 U - a potion of lignification {unknown}
Books
 k - a book of Misfortune

   Spells                             Type                      Level
   a - Confusing Touch                Hexes                        1
   b - Confuse                        Hexes                        3
   c - Gell's Gravitas                Hexes/Translocation          3
   d - Petrify                        Transmutation/Earth          4
   e - Metabolic Englaciation         Hexes/Ice                    5
   f - Yara's Violent Unravelling     Hexes/Transmutation          5
 H - a manual of Dodging
 R - a book of Geomancy

   Spells                             Type                      Level
   a - Sandblast                      Earth                        1
   b - Passwall                       Transmutation/Earth          2
   c - Stone Arrow                    Conjuration/Earth            3
   d - Petrify                        Transmutation/Earth          4
   e - Lee's Rapid Deconstruction     Earth                        5
Comestibles
 a - 8 bread rations
 c - a royal jelly
 r - 2 slices of pizza
 P - 3 meat rations
 V - a beef jerky
 Y - a chunk of flesh


   Skills:
 - Level 10.1(9.3) Fighting
 + Level 9.5(8.7) Dodging
 - Level 1.7(1.1) Stealth
 - Level 10.2(9.4) Unarmed Combat
 - Level 5.0(4.3) Hexes


You had 9 spell levels left.
You knew the following spells:

 Your Spells              Type           Power        Failure   Level  Hunger
a - Confusing Touch       Hex            ##....       8%          1    ##.....


Dungeon Overview and Level Annotations

Branches:
Dungeon (10/15)            Temple (1/1) D:4            Lair (0/6) D:10
    Orc: D:9-12

Altars:
Ashenzari
Cheibriados
Dithmenos
Elyvilon
Fedhas
Gozag
Hepliaklqana
Kikubaaqudgha
Makhleb
Nemelex Xobeh
Okawaru
Qazlal
Ru
Sif Muna
Trog
Uskayaw
Vehumet
Xom
Yredelemnul
Zin
The Shining One

Annotations:
D:2 Sigmund
D:4 Eustachio; Eviona's ghost, amateur DrMo
D:5 exclusion: upstairs, BlueFish's ghost, novice MiFi
D:6 jesse's ghost, novice TrBe
D:10 Urug


Innate Abilities, Weirdness & Mutations

You can spit globs of acid.
You are resistant to acid.
Your golden yellow scales are hard. (AC +7)
You cannot fit into any form of body armour.
You are cold-blooded and may be slowed by cold attacks.


Message History

The centaur warrior hits you!
* * * LOW HITPOINT WARNING * * *
You are too injured to fight recklessly!
You are too injured to fight recklessly!
You hit the centaur warrior. You tail-slap the centaur warrior.
The centaur warrior is heavily wounded.
The centaur warrior completely misses you.
You barely miss the centaur warrior.
You tail-slap the centaur warrior, but do no damage.
The centaur warrior is heavily wounded.
The centaur warrior hits you!
* * * LOW HITPOINT WARNING * * *
Casting: Confusing Touch
Confirm with . or Enter, or press ? or * to list all spells.
You miscast Confusing Touch.
You are very lightly contaminated with residual magic.
Nothing appears to happen.
You have got your breath back.
The centaur warrior hits you!
You die...

##############
#...(.........
#...c.........
#..@##...##..
#.(.##...#
#...##...#
#...##...#
#...##...#
#...##...#
#...##...#
#...##...#
#...##..[#


You could see a centaur warrior.

Vanquished Creatures
  2 two-headed ogres
  Pikel (D:7)
  2 trolls (D:9)
  A merfolk (D:9)
  A wyvern (D:7)
  3 yaks
  A hungry ghost (D:7)
  2 wargs
  A water moccasin (D:8)
  2 orc warriors
  4 ice beasts
  3 sky beasts
  A hornet zombie (D:7)
  4 slaves
  A phantom (D:7)
  2 black bears (D:8)
  3 centaurs
  7 ogres
  5 bullfrogs
  A big kobold (D:9)
  5 scorpions
  2 killer bees (D:9)
  2 howler monkeys
  A wight (D:7)
  3 crimson imps
  4 jellies (D:9)
  2 quasits
  A gnoll shaman (D:9)
  9 orc wizards
  4 orc priests
  6 hounds
  2 centaur skeletons
  3 iguanas
  Terence (D:2)
  4 worker ants
  A killer bee zombie (D:7)
  4 worker ant zombies
  5 gnolls (D:9)
  9 adders
  5 shadow imps
  An ooze (D:2)
  An adder zombie (D:5)
  An adder skeleton (D:9)
  3 worms (D:2)
  4 dart slugs
  9 leopard geckos
  28 orcs
  2 ball pythons
  7 bats
  4 giant cockroaches
  13 goblins
  9 hobgoblins
  16 jackals
  6 quokkas
  A ball python skeleton (D:6)
  7 frilled lizards
  A giant cockroach zombie (D:6)
  14 kobolds
  5 rats
252 creatures vanquished.

Vanquished Creatures (others)
  A warg (D:10)
1 creature vanquished.

Grand Total: 253 creatures vanquished

Notes
Turn   | Place    | Note
-------+----------+-------------------------------------------
     0 | D:1      | Eviona the Draconian Monk began the quest for the Orb.
     0 | D:1      | Reached XP level 1. HP: 19/19 MP: 1/1
    62 | D:1      | Reached XP level 2. HP: 18/26 MP: 2/2
   397 | D:1      | Reached XP level 3. HP: 26/33 MP: 3/3
  1125 | D:2      | Noticed Sigmund
  1206 | D:2      | Reached XP level 4. HP: 35/40 MP: 4/4
  1307 | D:2      | Noticed Terence
  1337 | D:2      | Killed Terence
  1936 | D:2      | Reached XP level 5. HP: 42/47 MP: 5/5
  2142 | D:3      | Reached skill level 5 in Fighting
  2347 | D:3      | Reached skill level 5 in Unarmed Combat
  3062 | D:4      | Noticed Eviona's ghost (amateur DrMo)
  3320 | D:4      | Got a shimmering silver ring
  3325 | D:4      | Identified the ring of Jexkei {Str-3 Dex+5 Stlth+} (You found it on level 4 of the Dungeon)
  3393 | D:4      | Found a staircase to the Ecumenical Temple.
  3476 | Temple   | Entered the Ecumenical Temple
  3691 | Temple   | Became a worshipper of Sif Muna the Loreminder
  3691 | Temple   | Reached * piety under Sif Muna
  3691 | Temple   | Reached ** piety under Sif Muna
  3760 | D:4      | Noticed Eustachio
  3926 | D:5      | Entered Level 5 of the Dungeon
  4001 | D:5      | Noticed BlueFish's ghost (novice MiFi)
  4143 | D:5      | Noticed an ogre
  4150 | D:5      | Killed an ogre
  4150 | D:5      | Reached XP level 6. HP: 34/57 MP: 6/6
  5135 | D:6      | Your scales start taking on a golden yellow colour.
  5135 | D:6      | Reached XP level 7. HP: 48/64 MP: 7/7
  5227 | D:6      | Noticed jesse's ghost (novice TrBe)
  5800 | D:7      | Found a shadowy altar of Dithmenos.
  6862 | D:6      | Reached XP level 8. HP: 74/74 MP: 8/8
  7106 | D:7      | Noticed Pikel
  8490 | D:7      | Killed Pikel
  8490 | D:7      | Reached skill level 10 in Fighting
  8490 | D:7      | Reached XP level 9. HP: 43/85 MP: 9/9
  8948 | D:8      | Reached skill level 10 in Unarmed Combat
  9015 | D:8      | Learned a level 1 spell: Confusing Touch
  9047 | D:8      | Reached skill level 1 in Hexes
  9241 | D:8      | Noticed a two-headed ogre
  9343 | D:8      | Killed a two-headed ogre
  9747 | D:8      | Reached *** piety under Sif Muna
  9747 | D:8      | Reached skill level 5 in Hexes
  9786 | D:8      | Reached XP level 10. HP: 72/93 MP: 10/10
 10908 | D:9      | Reached skill level 5 in Dodging
 11023 | D:9      | Noticed a two-headed ogre
 11357 | D:9      | Killed a two-headed ogre
 12473 | D:10     | Entered Level 10 of the Dungeon
 12504 | D:10     | Noticed Urug
 12663 | D:9      | Identified a scroll of acquirement
 12926 | D:10     | Found a staircase to the Lair.
 13780 | D:10     | Reached XP level 11. HP: 99/99 MP: 11/11
 13867 | D:10     | Noticed a centaur warrior
 13893 | D:10     | Slain by a centaur warrior

Vault maps used:
D:1:      scummos_arrival_gate
D:2:      serial_forest, infiniplex_forest_clump_diagonal,
          infiniplex_forest_end_1, infiniplex_forest_straight_1,
          infiniplex_forest_end_2, infiniplex_forest_lined_corner,
          infiniplex_forest_straight_3, infiniplex_forest_lined_room_,
          first_bread, minmay_misc_feat_plants, minmay_tripent, uniq_terence,
          uniq_sigmund
D:4:      uniq_eustachio
D:7:      minmay_door_square, nicolae_dithmenos_shadow_blocks, uniq_pikel
D:9:      hangedman_fish_farm, kennysheep_another_room
D:10:     wad_statue_garden, erik_lair_orcish_takeover, minmay_statues_item,
          hex_medium, uniq_urug
Temple:   roderic_octagonal_lattice_temple

Skill      XL: |  1  2  3  4  5  6  7  8  9 10 |
---------------+-------------------------------+-----
Fighting       | 4 5 6 7 10 | 10.1
Unarmed Combat | 4 5 6 7 9 10 | 10.2
Hexes          | 5 |  5.0
Dodging        | 3 9 |  9.5
Stealth        | |  1.7

Action                   |  1- 3 |  4- 6 |  7- 9 | 10-12 || total
-------------------------+-------+-------+-------+-------++-------
Melee: Unarmed           |   122 |   330 |   378 |   388 ||  1218
       Tailslap          |    15 |    45 |    61 |    72 ||   193
       Punch             |     1 |     8 |    19 |    22 ||    50
Throw: Stone             |       |     2 |    13 |     6 ||    21
 Cast: Confusing Touch   |       |       |     7 |    33 ||    40
 Abil: Breathe Acid      |       |       |    21 |     2 ||    23
  Use: Scroll            |       |    11 |       |     3 ||    14
       Potion            |       |       |     2 |       ||     2
 Stab: Sleeping          |    12 |     4 |     5 |     4 ||    25
       Distracted        |       |     1 |       |       ||     1
       Confused          |       |       |     6 |    32 ||    38
  Eat: Chunk             |     1 |     6 |    19 |    16 ||    42
       Beef jerky        |       |     1 |       |       ||     1
       Meat ration       |       |     1 |       |       ||     1
       Pizza             |       |       |     1 |       ||     1
Armor: Skin              |    25 |    79 |   102 |    53 ||   259
Dodge: Dodged            |    70 |   222 |   259 |   294 ||   845
